 Dungeon Crawl Stone Soup version 0.28.0 (webtiles) character file.

Game seed: 2036305855220411684

47 trckry the Conjurer (level 3, 0/26 HPs)
             Began as a Draconian Conjurer on Feb 8, 2022.
             Was a Follower of Wu Jian.
             Slain by Edmund (6 damage)
             ... on level 4 of the Dungeon.
             The game lasted 00:03:44 (1027 turns).

trckry the Conjurer (Draconian Conjurer)            Turns: 1027, Time: 00:03:44

Health: 0/26       AC:  5    Str:  9    XL:     3   Next: 48%
Magic:  6/6        EV: 12    Int: 20    God:    Wu Jian [*.....]
Gold:   19         SH:  0    Dex:  9    Spells: 6/7 levels left

rFire   . . .      SeeInvis .   b - +0 flail
rCold   . . .      Faith    .   (no shield)
rNeg    . . .      Spirit   .   (armour unavailable)
rPois   .          Reflect  .   (helmet restricted)
rElec   .          Harm     .   (no cloak)
rCorr   .          Rampage  .   (no gloves)
Will    .....                   (no boots)
Stlth   ++........              (no amulet)
HPRegen 0.08/turn               (no ring)
MPRegen 0.10/turn               (no ring)

@: no status effects
A: AC +5, unfitting armour, cold-blooded
a: Renounce Religion


You were on level 4 of the Dungeon.
You worshipped Wu Jian.
Wu Jian was aware of your devotion.
You visited 1 branch of the dungeon, and saw 4 of its levels.

You collected 19 gold pieces.

Inventory:

Hand Weapons
 b - a +0 flail (weapon)
Missiles
 c - 2 poisoned darts
Jewellery
 e - a ring of fire
Wands
 f - a wand of polymorph (10)
Scrolls
 a - a scroll of enchant armour {unknown}
 d - a scroll of brand weapon {unknown}
 g - a scroll of fog {unknown}
 h - a scroll of identify {unknown}


   Skills:
 - Level 2.0 Dodging
 - Level 2.0 Stealth
 + Level 2.5 Spellcasting
 * Level 4.8 Conjurations


You had 6 spell levels left.
You knew the following spells:

 Your Spells              Type           Power      Damage    Failure   Level
a - Magic Dart            Conj           84%        1d7       1%          1

Your spell library contained the following spells:

 Spells                   Type           Power      Damage    Failure   Level
 Searing Ray              Conj           42%        2d6       3%          2
 Dazzling Flash           Conj/Hex       24%        N/A       17%         3
 Fulminant Prism          Conj/Hex       6%         3d7       50%         4
 Iskenderun's Mystic Bla  Conj/Tloc      12%        2d5       50%         4


Dungeon Overview and Level Annotations

Branches:
Dungeon (4/15)
 Temple: D:4-7

Altars:
Trog
Wu Jian

Portals:
Sewer: D:4

Annotations:
D:4 Edmund


Innate Abilities, Weirdness & Mutations

Your plain brown scales are hard. (AC +5)
You cannot fit into any form of body armour.
You are cold-blooded and may be slowed by cold attacks.


Message History

You spin and attack the ball python.
You closely miss the ball python.
The ball python bites you but does no damage.
The ball python barely misses you. The ball python barely misses you.
The ball python closely misses you.
A kobold comes into view.
It is wielding a +0 dagger and quivering poisoned darts.
The kobold shouts!
A giant cockroach comes into view.
The ball python closely misses you. The ball python barely misses you.
Found a glowing drain.
The kobold throws a poisoned dart.
The poisoned dart hits you!
You are poisoned.
You feel sick. The ball python barely misses you. x2
You feel sick.
You barely miss the ball python.
You feel sick. The ball python barely misses you. The ball python grabs you.
The ball python constricts you.
The ball python bites you but does no damage.
The ball python constricts you.
You hit the ball python.
You kill the ball python!
The Council accepts your kill.
You feel sick.
You feel sick.
You are no longer poisoned.
The kobold hits you but does no damage.
You see here a ball python corpse.
You barely miss the kobold. The kobold misses you.
You barely miss the kobold. The kobold closely misses you.
You hit the kobold.
You kill the kobold!
The Council accepts your kill.
You sock Edmund!
Edmund is lightly wounded.
Edmund hits you with a +2 vorpal flail. x2
* * * LOW HITPOINT WARNING * * *
x2 You barely miss Edmund.
You tail-slap Edmund, but do no damage.
Edmund is lightly wounded.
Edmund grinds his teeth, and then sighs.
Edmund hits you with a +2 vorpal flail.
You die...

..#..............##..
≈≈≈.............##
... ≈≈≈≈#...........#
...#
≈≈≈≈≈...........#
....
∩≈≈≈...............
≈≈≈≈..##............
≈≈#..B........##..
≈≈≈...#@######### ..
..#.. #@#### ...
#....# ... ##...# ..
##### .


You could see Edmund and a giant cockroach.

Vanquished Creatures
  Ijyb (D:3)
  An orc (D:2)
  5 ball pythons
  A bat (D:1)
  A giant cockroach (D:2)
  2 goblins (D:2)
  3 hobgoblins
  2 frilled lizards
  2 kobolds
  4 rats
22 creatures vanquished.

Notes
Turn   | Place    | Note
-------+----------+-------------------------------------------
     0 | D:1      | trckry the Draconian Conjurer began the quest for the Orb.
     0 | D:1      | Reached XP level 1. HP: 14/14 MP: 3/3
   281 | D:1      | Found a faded altar of an unknown god.
   291 | D:1      | Prayed at the altar of an unknown god.
   291 | D:1      | Became a worshipper of the Wu Jian Council
   291 | D:1      | Reached * piety under Wu Jian
   431 | D:2      | Reached XP level 2. HP: 20/20 MP: 1/5
   829 | D:3      | Noticed Ijyb
   848 | D:3      | Found a bloodstained altar of Trog.
   879 | D:3      | Killed Ijyb
   880 | D:3      | Reached XP level 3. HP: 21/26 MP: 3/6
  1001 | D:4      | Noticed Edmund
  1016 | D:4      | Found a glowing drain.
  1027 | D:4      | Slain by Edmund

Illustrated notes

Levels and vault maps discovered:
D:1:      lordsloth_arrival_two_stooges, layout_basic, basic_ecumenical_altar
D:2:      wad_river_or_something, layout_loops_corners
D:3:      layout_loops_cross, amcnicky_altar_gilded, old_standard_altar,
          serial_bayou_pond_a, kennysheep_path_1, uniq_natasha, uniq_terence,
          uniq_ijyb
D:4:      minmay_clustersquares, layout_cave_pools, lemuel_tele_altar,
          cheibrodos_sewer_entry_drain, grunt_ministairs_1,
          corexii_corridor_pit, uniq_robin, uniq_edmund

Skill      XL: |  1  2 |
---------------+-------+-----
Stealth        | 2 |  2.0
Dodging        | 2 |  2.0
Spellcasting   | |  2.5
Conjurations   | |  4.8

Action                   || total
-------------------------++-------
Melee: Unarmed           ||     7
       Tailslap          ||     3
       Flail             ||    35
 Cast: Magic Dart        ||    30
Invok: Whirlwind         ||     8
       Lunge             ||     1
Armor: Skin              ||    40
Dodge: Dodged            ||    33
